 Dungeon Crawl Stone Soup version 0.19.0-19-g8c6edcc (webtiles) character file.

246 MovingMist the Ducker (level 5, -7/42 HPs)
             Began as a Demonspawn Gladiator on Nov 13, 2016.
             Mangled by skk's ghost (12 damage)
             ... on level 3 of the Dungeon.
             The game lasted 00:05:36 (2124 turns).

MovingMist the Ducker (Demonspawn Gladiator)        Turns: 2124, Time: 00:05:37

Health: -7/42      AC:  5    Str: 16    XL:     5   Next: 84%
Magic:  0/5        EV: 13    Int: 10    God:
Gold:   100        SH:  4    Dex: 13    Spells: 0 memorised, 4 levels left

rFire  . . .     SeeInvis +     r - +3 quarterstaff (chaos)
rCold  . . .     Gourm    .     b - +0 leather armour
rNeg   . . .     Faith    .     (shield currently unavailable)
rPois  .         Spirit   +     c - +0 helmet
rElec  .         Reflect  .     s - +0 cloak
rCorr  .         Harm     .     (no gloves)
MR     .....                    (no boots)
Stlth  +.........               (no amulet)
                                (no ring)
                                q - ring of see invisible

@: flying
A: large bone plates 1, magic shield, magic regeneration, magic link
a: no special abilities


You were on level 3 of the Dungeon.
You were not hungry.

You visited 1 branch of the dungeon, and saw 3 of its levels.

You collected 100 gold pieces.

Inventory:

Hand Weapons
 a - a +0 quarterstaff
 r - a +3 quarterstaff of chaos (weapon)
Missiles
 d - 3 throwing nets (quivered)
Armour
 b - a +0 leather armour (worn)
 c - a +0 helmet (worn)
 s - a +0 cloak (worn)
Jewellery
 q - a ring of see invisible (left hand)
Scrolls
 g - a scroll of enchant weapon {unknown}
 h - a scroll of enchant armour {unknown}
 i - a scroll of amnesia {unknown}
 m - 3 scrolls of identify {unknown}
 t - a scroll of immolation {unknown}
 v - a scroll of recharging {unknown}
 w - a scroll of random uselessness {unknown}
 x - a scroll of remove curse {unknown}
Potions
 j - a potion of lignification {unknown}
 k - a potion of mutation {unknown}
 l - a potion of resistance {unknown}
 p - a potion of curing {unknown}
Comestibles
 f - 2 bread rations
 n - a slice of pizza
 o - 2 chunks of flesh
 u - a royal jelly


   Skills:
 + Level 4.1 Fighting
 + Level 3.6 Staves
 - Level 1.7 Throwing
 * Level 4.3 Dodging


You had 4 spell levels left.
You didn't know any spells.

Dungeon Overview and Level Annotations

Branches:
Dungeon (3/15)

Altars:
Nemelex Xobeh
Vehumet

Annotations:
D:3 skk's ghost, amateur DsFi


Innate Abilities, Weirdness & Mutations

You are partially covered in large bone plates. (SH +4)
When hurt, damage is shared between your health and your magic reserves.
You regenerate magic rapidly.
When low on magic, you restore magic in place of health.


Message History

You kill the orc wizard!
You barely miss the rat. You block the rat's attack.
You hit the rat.
You kill the rat!
Skk's ghost hits you!
You hit skk's ghost but do no damage. Skk's ghost barely misses you.
You hit skk's ghost.
Skk's ghost looks weak for a moment.
Skk's ghost is lightly damaged.
Skk's ghost hits you.
You closely miss skk's ghost.
Skk's ghost is lightly damaged.
You block skk's ghost's attack.
You hit skk's ghost but do no damage.
Skk's ghost is lightly damaged.
Skk's ghost hits you!
* * * LOW HITPOINT WARNING * * *
It was a potion of flight.
You feel very buoyant.
You fly up into the air.
Skk's ghost hits you!
You die...

.........................####.#.#
###.#####.##.###........## #.#.#
#.# #..#.# #........# #.#.# #.#
##.#.# #........# #.#.# #.#
#.#.###........# #.#.# #.#
#.#............# #.#.# #.#
#.#.###........# #.#<. #.# #.#.#
#.######## #.### ###.# #...# #@#
#.[.. ....# ##..# #W# ##### #####
#..# #o# #.># #'# ... ... ... ...
.....


You could see skk's ghost and an orc.

Vanquished Creatures
  3 orc wizards (D:3)
  Crazy Yiuf (D:2)
  Natasha (twice) (D:2)
  4 adders
  An ooze (D:3)
  2 dart slugs
  A leopard gecko (D:1)
  5 orcs (D:3)
  3 giant cockroaches
  3 hobgoblins
  2 jackals (D:2)
  A quokka (D:2)
  4 bats
  2 frilled lizards (D:1)
  4 goblins
  4 kobolds
  5 rats
  A fungus (D:2)
48 creatures vanquished.

Notes
Turn   | Place    | Note
-------+----------+-------------------------------------------
     0 | D:1      | MovingMist the Demonspawn Gladiator began the quest for the Orb.
     0 | D:1      | Reached XP level 1. HP: 16/16 MP: 1/1
   149 | D:1      | Gained mutation: You are partially covered in large bone plates. (SH +4) [demonic ancestry]
   149 | D:1      | Reached XP level 2. HP: 13/22 MP: 2/2
   932 | D:2      | Found a runed door.
   936 | D:2      | Noticed Crazy Yiuf
   944 | D:2      | Killed Crazy Yiuf
   944 | D:2      | Gained mutation: When hurt, damage is shared between your health and your magic reserves. [demonic ancestry]
   944 | D:2      | Reached XP level 3. HP: 29/29 MP: 3/3
  1325 | D:2      | Noticed Natasha
  1330 | D:2      | Killed Natasha
  1330 | D:2      | Gained mutation: You regenerate magic rapidly. [demonic ancestry]
  1330 | D:2      | Reached XP level 4. HP: 35/35 MP: 4/4
  1502 | D:2      | Noticed Natasha
  1506 | D:2      | Killed Natasha
  1635 | D:3      | Gained mutation: When low on magic, you restore magic in place of health. [demonic ancestry]
  1635 | D:3      | Reached XP level 5. HP: 14/42 MP: 1/5
  1867 | D:3      | Found a sparkling altar of Nemelex Xobeh.
  2024 | D:3      | Found a radiant altar of Vehumet.
  2111 | D:3      | Noticed skk's ghost (amateur DsFi)
  2124 | D:3      | Mangled by skk's ghost

Skill      XL: |  1  2  3  4  5 |
---------------+----------------+-----
Dodging        | 3 4 |  4.3
Fighting       | 3 4 |  4.1
Staves         | 3 |  3.6
Throwing       | |  1.7

Action                   |  1- 3 |  4- 6 || total
-------------------------+-------+-------++-------
Melee: Quarterstaff      |    66 |    69 ||   135
  Use: Potion            |       |     1 ||     1
 Stab: Sleeping          |     1 |     1 ||     2
  Eat: Chunk             |     1 |     3 ||     4
Armor: Leather armour    |    18 |    12 ||    30
Dodge: Dodged            |    30 |    33 ||    63
Block: Other             |    17 |    14 ||    31
